 Dungeon Crawl Stone Soup version 0.31-a0-819-gf6de2f5ab6 (webtiles) character file.

Game seed: 13219846889309832957

155041 demibob the Slayer (level 17, -3/158 HPs)
             Began as a Merfolk Chaos Knight on Sept 24, 2023.
             Was a Plaything of Xom.
             Slain by a spark wasp (17 damage)
             ... on level 4 of the Spider Nest.
             The game lasted 00:58:39 (25317 turns).

demibob the Slayer (Merfolk Chaos Knight)          Turns: 25317, Time: 00:58:40

Health: -3/158     AC: 16    Str: 21 (24) XL:     17   Next: 64%
Magic:  1/17       EV: 25    Int:  9 (10) God:    Xom [.....*]
Gold:   1622       SH:  5    Dex: 19 (20) Spells: 16/16 levels left

rFire   . . .        a - +9 glaive (vamp)
rCold   + + .        (shield currently unavailable)
rNeg    . . .        j - +4 ring mail {rPois}
rPois   +            (no helmet)
rElec   .            o - scarf {repulsion}
rCorr   .            G - +1 pair of gloves {Str+3}
SInv    .            D - +2 pair of boots {Stlth+}
Will    +++..        L - amulet of reflection
Stlth   +++          Y - +4 ring of slaying
HPRegen 1.26/turn    y - +4 ring of slaying
MPRegen 0.15/turn

%: repel missiles, reflection
@: no status effects
A: (nimble swimmer 2), mertail, thin skeletal structure 1, cold resistance 2,
strong-willed 2, regeneration 1, strong 2, no potion heal 1, noise suppression
a: Renounce Religion


You were on level 4 of the Spider Nest.
You worshipped Xom.
You were Xom's teddy bear.
You visited 4 branches of the dungeon, and saw 26 of its levels.
You also visited: Bailey and Ice Cave.

You collected 3524 gold pieces.
You spent 1902 gold pieces at shops.


Innate Abilities, Weirdness & Mutations

((You are very nimble when in or above water. (Stealth+, EV+, Speed+++)))
Your lower body shifts to a powerful aquatic tail in water.
You have a somewhat thin skeletal structure. (Dex +2, Stealth+)
Your flesh is very cold resistant. (rC++)
You are highly strong-willed. (Will++)
Your natural rate of healing is unusually fast.
Your muscles are very strong. (Str +8, Int/Dex -2)
Potions are less effective at restoring your health.
You passively dampen the noise of your surroundings.


   Skills:
 + Level 21.1 Fighting
 - Level 20.0 Polearms
 - Level 8.3 Armour
 + Level 21.0 Dodging


You had 16 spell levels left.
You didn't know any spells.
Your spell library contained the following spells:

 Spells                   Type           Power      Damage    Failure   Level
 Freeze                   Ice            0%         1d3       52%         1
 Slow                     Hex            0%         N/A       52%         1
 Ensorcelled Hibernation  Hex/Ice        0%         N/A       67%         2
 Passwall                 Tmut/Erth      0%         N/A       67%         2
 Call Canine Familiar     Summ           0%         N/A       88%         3
 Confusing Touch          Hex            0%         N/A       88%         3
 Dazzling Flash           Conj/Hex       0%         N/A       88%         3
 Hailstorm                Conj/Ice       0%         3d3       88%         3
 Ignite Poison            Fire/Tmut/Pois 0%         N/A       88%         3
 Ozocubu's Armour         Ice            0%         N/A       88%         3
 Sigil of Binding         Hex            0%         N/A       88%         3
 Summon Guardian Golem    Hex/Summ       0%         N/A       88%         3
 Swiftness                Air            0%         N/A       88%         3
 Vampiric Draining        Necr           0%         2d6       88%         3
 Dimensional Bullseye     Hex/Tloc       0%         N/A       99%         4
 Leda's Liquefaction      Hex/Erth       0%         N/A       99%         4
 Manifold Assault         Tloc           0%         N/A       99%         4
 Passage of Golubria      Tloc           0%         N/A       99%         4
 Sticky Flame             Conj/Fire      0%         2d3       99%         4
 Summon Ice Beast         Ice/Summ       0%         N/A       99%         4
 Agony                    Necr           0%         N/A       100%        5
 Freezing Cloud           Conj/Ice/Air   0%         6-21      100%        5
 Metabolic Englaciation   Hex/Ice        0%         N/A       100%        5
 Silence                  Hex/Air        0%         N/A       100%        5
 Dispersal                Tloc           0%         N/A       100%        6
 Simulacrum               Ice/Necr       0%         N/A       100%        6
 Orb of Destruction       Conj           0%         9d5       100%        7
 Spellforged Servitor     Conj/Summ      0%         N/A       100%        7
 Disjunction              Tloc           0%         N/A       100%        8
 Ignition                 Fire           0%         3d3       100%        8
 Lehudib's Crystal Spear  Conj/Erth      0%         10d2      100%        8
 Polar Vortex             Ice            0%         N/A       100%        9

Inventory:

Hand Weapons
 a - a +9 vampiric glaive (weapon)
 b - a +4 trident
 A - the +5 glaive of the Silent Majority {holy, Int+3}
   (You found it on level 2 of the Spider Nest)

   Int+3:     It affects your intelligence (+3).
Missiles
 s - 2 throwing nets {=f}
Armour
 c - +0 acid dragon scales
 j - a +4 ring mail of poison resistance (worn)
 o - a scarf of repulsion (worn)
 D - a +2 pair of boots of stealth (worn)
 G - a +1 pair of gloves of strength (worn)
 Z - the +1 pair of boots of Misanthropy {rElec rF- rC+ Dex+3}
   (You found it on level 4 of the Spider Nest)

   Dex+3:     It affects your dexterity (+3).
   rF-:       It makes you vulnerable to fire.
   rC+:       It protects you from cold.
   rElec:     It insulates you from electricity.
Jewellery
 w - a ring of willpower
 y - a +4 ring of slaying (right hand)
 E - an amulet of regeneration
 F - a ring of protection from fire
 J - an amulet of guardian spirit
 K - the ring "Qetwiogg" {rCorr Dex+5 Stlth+}
   (Xom gifted it to you on level 2 of the Orcish Mines)

   [ring of resist corrosion]

   Dex+5:     It affects your dexterity (+5).
   rCorr:     It protects you from acid and corrosion.
   Stlth+:    It makes you more stealthy.
 L - an amulet of reflection (around neck)
 N - a ring of positive energy
 U - the ring "Kiapn" {Fly Stlth+}
   (You found it on level 14 of the Dungeon)

   [ring of flight]

   Fly:       It grants you flight.
   Stlth+:    It makes you more stealthy.
 Y - a +4 ring of slaying (left hand)
Wands
 e - a wand of digging (12)
 k - a wand of polymorph (19)
 p - a wand of roots (23)
 t - a wand of charming (31)
 v - a wand of quicksilver (12)
 z - a wand of flame (33)
 H - a wand of mindburst (13)
Scrolls
 d - 17 scrolls of identify {@r1}
 h - 3 scrolls of vulnerability
 n - 13 scrolls of enchant armour
 u - 2 scrolls of blinking
 x - 3 scrolls of immolation
 I - 5 scrolls of revelation
 O - 4 scrolls of teleportation {@r2}
 P - 2 scrolls of poison
 S - a scroll of fear
 T - a scroll of amnesia
 V - a scroll of fog
 W - 2 scrolls of enchant weapon
Potions
 f - 2 potions of enlightenment
 g - 5 potions of curing {@q1}
 i - a potion of resistance
 l - 2 potions of attraction
 m - 4 potions of lignification
 q - 5 potions of brilliance
 r - 5 potions of haste {@q3}
 B - 6 potions of mutation
 C - 6 potions of magic
 M - a potion of might
 Q - 3 potions of ambrosia
 R - 2 potions of heal wounds {@q2}
 X - a potion of berserk rage {!q}

Dungeon Overview and Level Annotations

Branches:
Dungeon (15/15)            Temple (0/1) D:4            Lair (5/5) D:10
  Swamp (0/4) Lair:3       Spider (4/4) Lair:3        Slime (0/5) Lair:4
    Orc (visited)             Elf (0/3) Orc:2        Vaults (0/5) D:14
 Depths (0/4) D:15         Bailey (visited)           IceCv (visited)

Altars:
Cheibriados
Elyvilon
Fedhas
Gozag
Hepliaklqana
Kikubaaqudgha
Qazlal
Ru
Sif Muna
Trog
Vehumet
Xom
The Shining One

Shops:
D:2 :[(=   D:4 [**   D:13 *?*   Orc:2 **=[

Annotations:
D:10 2 transporters, exclusions: ice statue and oklob plant, Kurtz's ghost, journeyman OpFi
D:11 2 transporters, rjrrt's ghost, journeyman TrGl
Lair:1 exclusion: 4 oklob plants
Lair:5 exclusion: oklob plant

s▒..^^▒...^.^.......▒...
▒..^▒▒▒...▒.^.▒..^▒▒▒..
▒....▒...▒▒▒.▒▒▒...▒...
s
▒▒▒▒^...^^.▒...▒.^^..^.^
▒.^▒▒.^...^......^..^.▒▒
s
▒...▒▒⚑^......^..^...▒▒▒
ss
▒..^▒▒.....▒▒▒....^...▒
▒...y..†▒▒▒.▒▒▒^.....^
▒▒..$@...........▒▒▒▒. B
▒▒▒▒▒▒......⚑⚑.▒▒ ▒
▒▒▒▒▒▒▒▒▒▒▒


w s w s s s s You could see a spark wasp.


Message History

Something stings you but does no damage.
You slice something!!
You feel better.
Reactivating autopickup.
You feel a bit more experienced. The spark wasp stings you.
The spark wasp shocks you!
Unknown command.
The spark wasp stings you! The spark wasp shocks you!
You see here 13 gold pieces.
Unknown command.
You barely miss the spark wasp. The spark wasp closely misses you.
You hit the spark wasp but do no damage.
The spark wasp stings you!! The spark wasp shocks you!
* * * LOW HITPOINT WARNING * * *
Unknown command.
You slice the spark wasp!!
You feel better.
The spark wasp is moderately wounded.
The spark wasp stings you!
* * * LOW HITPOINT WARNING * * *
The spark wasp shocks you!
* * * LOW HITPOINT WARNING * * *
You closely miss the spark wasp.
The spark wasp is moderately wounded.
The spark wasp stings you.
* * * LOW HITPOINT WARNING * * *
The spark wasp shocks you!
* * * LOW HITPOINT WARNING * * *
The spark wasp stings you!!
* * * LOW HITPOINT WARNING * * *
The spark wasp shocks you!
You die...

Skill      XL: |  1  2  3  4  5  6  7  8  9 10 11 12 13 14 15 16 17 |
---------------+----------------------------------------------------+-----
Polearms       | 5 6 7 9 10 12 15 16 20 | 20.0
Dodging        | 6 10 13 16 19 21 | 21.0
Fighting       | 6 9 11 14 16 17 18 20 21 | 21.1
Armour         | 5 8 |  8.3

Action                     |  1- 3 |  4- 6 |  7- 9 | 10-12 | 13-15 | 16-18 || total
---------------------------+-------+-------+-------+-------+-------+-------++-------
  Melee: Spear             |    96 |       |       |       |       |       ||    96
         Punch             |     2 |       |       |     2 |     5 |       ||     9
         Halberd           |     9 |   106 |   245 |   555 |   411 |       ||  1326
         Unarmed           |       |    11 |       |       |       |       ||    11
         Bite              |       |       |     8 |     4 |       |       ||    12
         Trident           |       |       |       |   133 |   352 |       ||   485
         Tailslap          |       |       |       |    14 |     4 |       ||    18
         Headbutt          |       |       |       |       |   253 |    45 ||   298
         Glaive            |       |       |       |       |   416 |   643 ||  1059
  Evoke: Wand              |       |       |       |    11 |     9 |       ||    20
    Use: Scroll            |     4 |     8 |     9 |    16 |    22 |     4 ||    63
         Potion            |       |     1 |     1 |     9 |     8 |     2 ||    21
   Stab: Sleeping          |     3 |     2 |     5 |    11 |    29 |    21 ||    71
         Invisible         |       |       |     2 |     2 |     3 |       ||     7
         Distracted        |       |       |     1 |     2 |     6 |     3 ||    12
         Fleeing           |       |       |       |     2 |       |       ||     2
         Confused          |       |       |       |       |     6 |       ||     6
         Petrifying        |       |       |       |       |     3 |       ||     3
 Armour: Leather armour    |    31 |    65 |    63 |       |       |       ||   159
         Skin              |       |     2 |       |    11 |       |       ||    13
         Steam dragon scal |       |       |    15 |   174 |     2 |       ||   191
         Acid dragon scale |       |       |       |       |   327 |    20 ||   347
         Ring mail         |       |       |       |       |       |   288 ||   288
  Dodge: Dodged            |    43 |    79 |    91 |   474 |   852 |   522 ||  2061
         Repelled          |       |       |     2 |     6 |     3 |     9 ||    20
  Block: Other             |       |       |       |       |    20 |   116 ||   136
         Reflection        |       |       |       |       |       |     3 ||     3

Levels and vault maps discovered:
D:1:      reono_arrival_forest_river, layout_loops_corners,
          minmay_misc_feat_four_crosses
D:2:      layout_loops_ring, serial_shops, shop, shop,
          nicolae_shop_hallway_plus, shop, hangedman_abyss_or_decor_stabs
D:3:      layout_basic, uniq_jessica, uniq_sigmund, uniq_ijyb
D:4:      layout_rooms, grunt_temple_overflow_open,
          mainiacjoe_overflow_six_doors_small, minmay_temple_entry_sparse_star,
          serial_shops, shop, nicolae_specific_store
D:5:      layout_basic, uniq_prince_ribbit1
D:6:      layout_rooms, nicolae_overflow_hidden_temple
D:7:      minmay_spotlight, layout_loops_ring, elyvilon_altar_3,
          roderic_roman_lattice
D:8:      layout_basic, enter_bailey_7, uniq_joseph
D:9:      layout_rooms, erik_orc_3
D:10:     layout_irregular_city, hellmonk_lair_entry_icy, nzn_ghost_randoct
D:11:     layout_cave_pools, gammafunk_ghost_wrathful_warriors,
          eino_house_with_fridge
D:12:     layout_irregular_city, tso_oasis_becter
D:13:     layout_long_grid, serial_shops, nicolae_stop_n_shop_1,
          nicolae_shop_advertising_works [nicolae_subvault_shop_adworks], shop,
          portal_ice_cave_demonic_guard
D:14:     layout_roguey, grunt_vaults_entry_tiered, lemuel_round_altar,
          minmay_misc_feat_secret_circle
D:15:     grunt_enter_depths_snipers, layout_stronghold, fountainhead
Lair:1:   minmay_lair_oklob_tunnel, layout_misc_corridors, grunt_megastairs_2,
          uniq_fannar
Lair:2:   layout_concentric_octagons
Lair:3:   layout_misc_corridors, minmay_swamp_entry_reptiles,
          nicolae_spider_entry_orb_guardian, serial_bayou_lake_a,
          serial_bayou_shore_a, infiniplex_staircase_pool, uniq_kirke,
          uniq_amaemon, uniq_nessos
Lair:4:   layout_hall_layers, minmay_slime_entry_eyes, grunt_megastairs_4
Lair:5:   wormcave, layout_cellular_growth, hangedman_lair_in_review,
          nicolae_volcano_entry_batcave
Spider:1: cheibrodos_forgotten_conduit
Spider:2: layout_spider_delve
Spider:3: nicolae_spider_brood_tunnel, nicolae_spider_stair_cavern
Spider:4: johnstein_spider_rune_arachne_lair, nicolae_spider_checkerboard
Orc:1:    layout_caves, lightli_church_of_beogh
Orc:2:    st_orc_pillars, layout_caves, uniq_jorgrun

Notes
Turn   | Place    | Note
-------+----------+-------------------------------------------
     0 | D:1      | demibob the Merfolk Chaos Knight began the quest for the
                  | Orb.
     0 | D:1      | Reached XP level 1. HP: 18/18 MP: 1/1
    91 | D:1      | XOM: silly message
   126 | D:1      | XOM: butterfly on damage
   129 | D:1      | Reached XP level 2. HP: 18/24 MP: 2/2
   289 | D:1      | Reached skill level 5 in Polearms
   999 | D:2      | Reached XP level 3. HP: 29/29 MP: 3/3
  1018 | D:2      | Reached skill level 6 in Polearms
  1100 | D:2      | Reached XP level 4. HP: 35/35 MP: 4/4
  1169 | D:2      | Found Cesoiz's Armour Emporium.
  1340 | D:2      | Found Ydyh Ner's Antique Weapon Shop.
  1357 | D:2      | Found Exadiovu's Jewellery Boutique.
  1493 | D:2      | XOM: silly message
  1596 | D:2      | Found Parog's Book Boutique.
  1784 | D:3      | Reached skill level 7 in Polearms
  1814 | D:3      | Noticed Sigmund
  1815 | D:3      | You fall into a shaft and drop 3 floors!
  1822 | D:6      | Reached XP level 5. HP: 41/41 MP: 5/5
  1843 | D:6      | XOM: potion effect (brilliance)
  1848 | D:6      | Reached skill level 8 in Polearms
  1860 | D:5      | Entered Level 5 of the Dungeon
  1878 | D:5      | XOM: butterfly on damage
  1890 | D:5      | Noticed a phantom
  1901 | D:5      | Killed a phantom
  1902 | D:5      | Reached skill level 9 in Polearms
  1902 | D:5      | Reached XP level 6. HP: 24/47 MP: 6/6
  2000 | D:5      | Identified a potion of resistance
  2007 | D:5      | HP: 3/47 [centaur/+0 trident (4)]
  2525 | D:4      | XOM: silly message
  2542 | D:3      | Noticed Ijyb
  2556 | D:3      | Killed Ijyb
  2557 | D:3      | Reached skill level 10 in Polearms
  2601 | D:3      | XOM: potion effect (haste)
  2607 | D:3      | Reached XP level 7. HP: 36/52 MP: 7/7
  2607 | D:3      | XOM: potion effect (invisibility)
  2617 | D:3      | Noticed Jessica
  2622 | D:3      | Killed Jessica
  2647 | D:3      | XOM: potion effect (heal wounds)
  2660 | D:3      | Killed Sigmund
  2661 | D:3      | Reached skill level 11 in Polearms
  2979 | D:4      | XOM: noise
  3087 | D:4      | Found a hazy altar of Hepliaklqana.
  3091 | D:4      | Found an ancient bone altar of Kikubaaqudgha.
  3093 | D:4      | Found a sacrificial altar of Ru.
  3097 | D:4      | Found a stormy altar of Qazlal.
  3097 | D:4      | Found an opulent altar of Gozag.
  3098 | D:4      | Found a snail-covered altar of Cheibriados.
  3136 | D:4      | Found Vasiypapn's Armour Shoppe.
  3144 | D:4      | Bought a scarf of repulsion for 120 gold pieces
  3193 | D:4      | XOM: potion effect (brilliance)
  3202 | D:4      | XOM: potion effect (heal wounds)
  3204 | D:4      | Found a staircase to the Ecumenical Temple.
  3258 | D:4      | XOM: potion effect (might)
  3261 | D:4      | XOM: divine lightning
  3263 | D:4      | Reached skill level 12 in Polearms
  3263 | D:4      | Reached XP level 8. HP: 46/58 MP: 8/8
  3388 | D:4      | Found Xumiohaz's Specific Store.
  3390 | D:4      | Found Janos's General Store.
  3409 | D:4      | Found a radiant altar of Vehumet.
  3693 | D:5      | Noticed Prince Ribbit
  3707 | D:5      | Killed Prince Ribbit
  3708 | D:5      | Reached skill level 13 in Polearms
  3837 | D:5      | XOM: cleaving
  3875 | D:5      | XOM: give mutations
  3875 | D:5      | Gained mutation: Your flesh is heat resistant. (rF+) [Xom's
                  | mischief]
  3875 | D:5      | Gained mutation: You are weak. (Str -2) [Xom's mischief]
  3875 | D:5      | Gained mutation: Your spells are a little easier to cast,
                  | but a little less powerful. [Xom's mischief]
  4080 | D:5      | XOM: give mutations
  4080 | D:5      | Gained mutation: You have very sharp teeth. [Xom's grace]
  4080 | D:5      | Gained mutation: Your system is resistant to poisons.
                  | (rPois) [Xom's grace]
  4080 | D:5      | Gained mutation: You are agile. (Dex +4, Str/Int -1) [Xom's
                  | grace]
  4080 | D:5      | Gained mutation: You are robust. (+10% HP) [Xom's grace]
  4172 | D:5      | XOM: divination: detect creatures
  4202 | D:6      | Noticed a two-headed ogre
  4212 | D:6      | HP: 6/63 [two-headed ogre/+0 giant spiked club (11)]
  4213 | D:6      | Killed a two-headed ogre
  4214 | D:6      | Reached skill level 15 in Polearms
  4214 | D:6      | Reached XP level 9. HP: 7/70 MP: 9/9
  4735 | D:6      | Found a shimmering altar of Xom.
  4738 | D:6      | Found a shimmering blue altar of Sif Muna.
  4744 | D:6      | Found a glowing golden altar of the Shining One.
  4776 | D:6      | XOM: god gift: 27 gold pieces
  4791 | D:6      | XOM: give mutations
  4791 | D:6      | Gained mutation: Your flesh is cold resistant. (rC+) [Xom's
                  | grace]
  4791 | D:6      | Lost mutation: Your spells are a little easier to cast, but
                  | a little less powerful. [Xom's grace]
  4883 | D:6      | XOM: scenery: create altars
  5015 | D:7      | Reached skill level 3 in Dodging
  5111 | D:7      | Found a white marble altar of Elyvilon.
  5138 | D:7      | XOM: summons 9 friendly demons
  5145 | D:7      | Reached skill level 4 in Fighting
  5154 | D:7      | XOM: polymorph iron imp -> shadow imp
  5207 | D:7      | XOM: god gift: scroll of teleportation
  5234 | D:7      | Reached skill level 4 in Dodging
  5573 | D:7      | Reached skill level 5 in Dodging
  5663 | D:7      | Reached skill level 5 in Fighting
  6132 | D:8      | Noticed a hornet
  6140 | D:8      | Killed a hornet
  6141 | D:8      | Reached skill level 16 in Polearms
  6167 | D:8      | XOM: scenery: summon butterflies
  6181 | D:8      | XOM: 2-stop teleportation journey
  6202 | D:8      | Noticed Joseph
  6206 | D:8      | XOM: cleaving
  6216 | D:8      | Killed Joseph
  6217 | D:8      | Reached skill level 6 in Fighting
  6217 | D:8      | Reached skill level 6 in Dodging
  6217 | D:8      | Reached XP level 10. HP: 27/83 MP: 10/10
  6375 | D:8      | XOM: scenery: summon butterflies
  6464 | D:8      | XOM: give mutations
  6464 | D:8      | Gained mutation: You have a pair of small antennae on your
                  | head. [Xom's grace]
  6464 | D:8      | Gained mutation: You are partially covered in iridescent
                  | scales. (AC +2) [Xom's grace]
  6465 | D:8      | Reached skill level 7 in Dodging
  6481 | D:8      | Found a flagged portal.
  6496 | Bailey   | Entered a bailey
  6584 | Bailey   | XOM: 3-stop teleportation journey
  6747 | Bailey   | Reached skill level 7 in Fighting
  6747 | Bailey   | XOM: scenery: 8 doors close
  6749 | Bailey   | Reached skill level 8 in Dodging
  6760 | Bailey   | Noticed an orc knight
  6762 | Bailey   | XOM: swap monsters
  6771 | Bailey   | Killed an orc knight
  6912 | D:8      | Reached skill level 9 in Dodging
  6939 | D:8      | Reached skill level 8 in Fighting
  6941 | D:8      | XOM: give mutations
  6941 | D:8      | Lost mutation: You are robust. (+10% HP) [Xom's mischief]
  6941 | D:8      | Lost mutation: You have very sharp teeth. [Xom's mischief]
  6941 | D:8      | Lost mutation: You are partially covered in iridescent
                  | scales. (AC +2) [Xom's mischief]
  6954 | D:8      | XOM: torment (33/80 hp)
  7021 | D:8      | XOM: silly message
  7200 | D:8      | Reached skill level 10 in Dodging
  7324 | D:8      | XOM: potion effect (might)
  7533 | D:9      | Reached skill level 9 in Fighting
  7628 | D:9      | XOM: swap monsters
  7629 | D:9      | Noticed a two-headed ogre
  7645 | D:9      | Reached XP level 11. HP: 86/89 MP: 11/11
  7664 | D:9      | XOM: silly message
  7678 | D:9      | XOM: swap monsters
  7774 | D:9      | XOM: 5-stop teleportation journey
  7929 | D:9      | Noticed a five-headed hydra
  7935 | D:9      | Killed a five-headed hydra
  7936 | D:9      | Reached skill level 11 in Dodging
  8011 | D:9      | XOM: chaos upgrade
  8213 | D:9      | Reached skill level 10 in Fighting
  8223 | D:9      | Found a staircase to the Orcish Mines.
  8409 | D:9      | XOM: silly message
  8522 | D:9      | Killed a two-headed ogre
  8528 | D:10     | Entered Level 10 of the Dungeon
  8579 | D:10     | Noticed a two-headed ogre
  8590 | D:10     | Noticed an ogre mage
  8591 | D:10     | Noticed Kurtz's ghost (journeyman OpFi)
  8591 | D:10     | Noticed an oklob plant
  8626 | D:10     | Found a transporter.
  8626 | D:10     | Found a transporter.
  8626 | D:10     | Noticed a two-headed ogre
  8730 | D:10     | XOM: summons 2 friendly demons
  8733 | D:10     | Reached skill level 12 in Dodging
  8736 | D:10     | XOM: divination: magic mapping
  8751 | D:10     | Found a staircase to the Lair.
  8825 | D:10     | XOM: divination: magic mapping
  8978 | D:10     | Identified the ring of Creativity {rPois rC+ rN+ rCorr}
  9167 | D:10     | XOM: give mutations
  9167 | D:10     | Gained mutation: Your spells are a little harder to cast,
                  | but a little more powerful. [Xom's grace]
  9167 | D:10     | Gained mutation: You are very agile. (Dex +8, Str/Int -2)
                  | [Xom's grace]
  9167 | D:10     | Gained mutation: You are strong-willed. (Will+) [Xom's
                  | grace]
  9228 | Lair:1   | Entered Level 1 of the Lair of Beasts
  9243 | Lair:1   | Noticed Fannar
  9265 | Lair:1   | XOM: confusion
  9269 | Lair:1   | XOM: confusion
  9279 | Lair:1   | Killed Fannar
  9349 | Lair:1   | XOM: stat loss: -1 Str (8/9)
  9446 | Lair:1   | XOM: 1-stop teleportation journey
  9452 | Lair:1   | Reached skill level 11 in Fighting
  9535 | Lair:1   | Reached skill level 13 in Dodging
  9565 | Lair:1   | Noticed an oklob plant
  9565 | Lair:1   | Noticed an oklob plant
  9565 | Lair:1   | XOM: 2-stop teleportation journey
  9570 | Lair:1   | XOM: silly message
  9712 | Lair:1   | XOM: give mutations
  9712 | Lair:1   | Lost mutation: You are very agile. (Dex +8, Str/Int -2)
                  | [Xom's mischief]
  9712 | Lair:1   | Gained mutation: You are dopey. (Int -2) [Xom's mischief]
  9712 | Lair:1   | Gained mutation: You expend magic power (3 MP) to
                  | strengthen your wands. [Xom's mischief]
  9712 | Lair:1   | Lost mutation: You have a pair of small antennae on your
                  | head. [Xom's mischief]
  9747 | Lair:1   | XOM: silly message
  9960 | Lair:1   | Noticed a skyshark
  9967 | Lair:1   | XOM: potion effect (invisibility)
  9971 | Lair:1   | XOM: silly message
  9974 | Lair:1   | Killed a skyshark
  9975 | Lair:1   | Reached XP level 12. HP: 65/102 MP: 12/12
 10135 | Lair:1   | XOM: confuse monster(s)
 10270 | Lair:1   | Reached skill level 12 in Fighting
 10292 | Lair:1   | XOM: 6-stop teleportation journey
 10336 | Lair:1   | XOM: 5-stop teleportation journey
 10429 | Lair:2   | Reached skill level 14 in Dodging
 10436 | Lair:2   | Noticed a skyshark
 10444 | Lair:2   | Killed a skyshark
 10522 | Lair:2   | XOM: scenery: summon butterflies
 10632 | Lair:2   | XOM: 1-stop teleportation journey
 10726 | Lair:2   | XOM: cloud trail
 10993 | Lair:3   | Noticed a boulder beetle
 11005 | Lair:3   | XOM: enchant monster (good)
 11021 | Lair:3   | Noticed Kirke
 11023 | Lair:3   | XOM: butterfly on damage
 11028 | Lair:3   | XOM: 2-stop teleportation journey
 11103 | Lair:3   | XOM: cloud trail
 11110 | Lair:3   | Noticed Amaemon
 11121 | Lair:3   | Noticed an eight-headed hydra
 11124 | Lair:3   | Reached skill level 15 in Dodging
 11135 | Lair:3   | Killed an eight-headed hydra
 11136 | Lair:3   | Reached skill level 13 in Fighting
 11136 | Lair:3   | XOM: fog
 11137 | Lair:3   | XOM: summons friendly shadow imp
 11159 | Lair:3   | XOM: confusion
 11170 | Lair:3   | XOM: summons 7 hostile demons
 11175 | Lair:3   | Killed Amaemon
 11181 | Lair:3   | Found a staircase to the Swamp.
 11236 | Lair:3   | XOM: swap monsters
 11238 | Lair:3   | XOM: give mutations
 11238 | Lair:3   | Lost mutation: Your spells are a little harder to cast, but
                  | a little more powerful. [Xom's mischief]
 11238 | Lair:3   | Gained mutation: Potions are less effective at restoring
                  | your health. [Xom's mischief]
 11274 | Lair:3   | XOM: 5-stop teleportation journey
 11288 | Lair:3   | Noticed Nessos
 11290 | Lair:3   | Nessos changed into Nessos the torpor snail
 11290 | Lair:3   | Noticed Nessos
 11296 | Lair:3   | Killed Nessos the torpor snail
 11308 | Lair:3   | Killed a boulder beetle
 11347 | Lair:3   | Noticed a sphinx
 11379 | Lair:2   | XOM: chaos cloud
 11383 | Lair:2   | XOM: polymorph hog -> shapeshifter
 11535 | D:11     | XOM: stat loss: -1 Dex (20/21)
 11545 | D:11     | Reached skill level 16 in Dodging
 11607 | D:11     | Reached skill level 14 in Fighting
 11612 | D:11     | Reached XP level 13. HP: 110/113 MP: 13/13
 11749 | D:11     | Found a transporter.
 11760 | D:11     | Found a bloodstained altar of Trog.
 11760 | D:11     | Noticed rjrrt's ghost (journeyman TrGl)
 11782 | D:11     | XOM: torment (58/113 hp)
 11896 | D:11     | XOM: noise
 11908 | D:11     | Reached skill level 1 in Armour
 11971 | D:11     | XOM: give mutations
 11971 | D:11     | Gained mutation: You passively dampen the noise of your
                  | surroundings. [Xom's grace]
 11971 | D:11     | Gained mutation: Your movements are slightly less
                  | encumbered by armour. (ER -2) [Xom's grace]
 11971 | D:11     | Gained mutation: You have a pair of small horns on your
                  | head. [Xom's grace]
 12028 | D:11     | XOM: summons 13 friendly demons
 12038 | D:11     | Reached skill level 2 in Armour
 12158 | D:11     | XOM: silly message
 12327 | D:11     | Found a transporter.
 12569 | D:12     | XOM: swap monsters
 12575 | D:12     | Reached skill level 3 in Armour
 12776 | D:12     | XOM: confusion
 12913 | D:12     | Found a glowing golden altar of the Shining One.
 12927 | D:12     | XOM: summons 2 hostile shadow creatures
 13053 | D:12     | XOM: give mutations
 13053 | D:12     | Lost mutation: You are weak. (Str -2) [Xom's mischief]
 13053 | D:12     | Gained mutation: You are very agile. (Dex +8, Str/Int -2)
                  | [Xom's mischief]
 13077 | D:12     | Reached skill level 15 in Fighting
 13192 | D:12     | Reached skill level 4 in Armour
 13241 | D:12     | XOM: summons 2 hostile shadow creatures
 13387 | Lair:2   | Killed Kirke
 13458 | Lair:3   | XOM: summons 1 hostile demon
 13498 | Lair:3   | XOM: potion effect (invisibility)
 13554 | Lair:3   | XOM: summons friendly ufetubus
 13610 | Lair:3   | XOM: swap monsters
 13627 | Lair:3   | Found a hole to the Spider Nest.
 14013 | Lair:4   | Reached skill level 5 in Armour
 14277 | Lair:4   | XOM: give mutations
 14277 | Lair:4   | Gained mutation: Your magical capacity is low. (-10% MP)
                  | [Xom's mischief]
 14277 | Lair:4   | Gained mutation: You are partially covered in iridescent
                  | scales. (AC +2) [Xom's mischief]
 14293 | Lair:4   | Found a staircase to the Slime Pits.
 14297 | Lair:4   | Paralysed by a floating eye for 3 turns
 14345 | Lair:4   | XOM: noise
 14352 | Lair:4   | XOM: polymorph cane toad -> guardian serpent
 14474 | Lair:4   | XOM: cleaving
 14480 | Lair:4   | Reached skill level 16 in Fighting
 14482 | Lair:4   | Reached XP level 14. HP: 112/125 MP: 12/12
 14502 | Lair:4   | Reached skill level 6 in Armour
 14830 | Lair:5   | Entered Level 5 of the Lair of Beasts
 14874 | Lair:5   | XOM: summons 4 hostile shadow creatures
 14944 | Lair:5   | XOM: enchant monster (bad)
 14948 | Lair:5   | XOM: enchant monster (bad)
 15020 | Lair:5   | Noticed a dire elephant
 15031 | Lair:5   | Found a runed translucent door.
 15249 | Lair:5   | Reached skill level 7 in Armour
 15359 | Lair:5   | Reached skill level 17 in Fighting
 15399 | Lair:5   | XOM: draining
 15502 | Lair:5   | XOM: summons 2 hostile shadow creatures
 15570 | Lair:5   | XOM: polymorph yak -> entropy weaver
 15639 | Lair:5   | XOM: give mutations
 15639 | Lair:5   | Lost mutation: Your magical capacity is low. (-10% MP)
                  | [Xom's mischief]
 15639 | Lair:5   | Lost mutation: Your movements are slightly less encumbered
                  | by armour. (ER -2) [Xom's mischief]
 15639 | Lair:5   | Lost mutation: You are dopey. (Int -2) [Xom's mischief]
 15822 | Lair:5   | XOM: silly message
 15832 | Lair:5   | XOM: swap monsters
 15901 | Lair:5   | XOM: confuse monster(s)
 15920 | Lair:5   | XOM: divine lightning
 16096 | Lair:5   | XOM: summons 4 hostile shadow creatures
 16127 | Lair:5   | Reached skill level 8 in Armour
 16161 | Lair:5   | XOM: enchant monster (bad)
 16360 | Orc:1    | Entered Level 1 of the Orcish Mines
 16376 | Orc:1    | XOM: scenery: summon butterflies
 16398 | Orc:1    | Noticed an orc warlord
 16416 | Orc:1    | XOM: repel stairs
 16421 | Orc:1    | Killed an orc warlord
 16661 | Orc:1    | Found a runed translucent door.
 16692 | Orc:1    | XOM: 2-stop teleportation journey
 16864 | Orc:1    | XOM: chaos upgrade
 16897 | Orc:1    | XOM: divination: detect creatures
 16922 | Orc:1    | XOM: divination: detect items
 16927 | Orc:1    | Reached XP level 15. HP: 136/136 MP: 15/15
 16948 | Orc:1    | XOM: silly message
 16977 | Orc:2    | Entered Level 2 of the Orcish Mines
 17054 | Orc:2    | Paralysed by an orc sorcerer for 4 turns
 17056 | Orc:2    | XOM: summons 2 hostile shadow creatures
 17155 | Orc:2    | Noticed Jorgrun
 17174 | Orc:2    | Killed Jorgrun
 17309 | Orc:2    | Found a staircase to the Elven Halls.
 17334 | Orc:2    | XOM: noise
 17432 | Orc:2    | XOM: give mutations
 17432 | Orc:2    | Gained mutation: You have a somewhat thin skeletal
                  | structure. (Dex +2, Stealth+) [Xom's mischief]
 17432 | Orc:2    | Lost mutation: Your flesh is heat resistant. (rF+) [Xom's
                  | mischief]
 17552 | Orc:2    | XOM: fog
 17627 | Orc:2    | Reached skill level 17 in Polearms
 17683 | Orc:2    | XOM: blink monster(s)
 17730 | Orc:2    | XOM: summons 3 hostile demons
 17764 | Orc:2    | XOM: enchant monster (bad)
 17806 | Orc:2    | XOM: swap monsters
 17835 | Orc:2    | XOM: confusion
 18056 | Orc:2    | Identified the ring "Qetwiogg" {rCorr Dex+5 Stlth+} (Xom
                  | gifted it to you on level 2 of the Orcish Mines)
 18056 | Orc:2    | XOM: god gift: ring "Qetwiogg" {rCorr Dex+5 Stlth+}
 18059 | Orc:2    | Reached skill level 18 in Polearms
 18088 | Orc:2    | Found Ucrilelu's General Store.
 18089 | Orc:2    | Found Diutamij's Jewellery Boutique.
 18089 | Orc:2    | Found Dyzxagel's Armour Shop.
 18090 | Orc:2    | Found Unoket's General Store.
 18121 | Orc:2    | Bought a scroll of blinking for 75 gold pieces
 18121 | Orc:2    | XOM: give mutations
 18121 | Orc:2    | Gained mutation: You passively map a small area around you.
                  | [Xom's grace]
 18121 | Orc:2    | Gained mutation: Your flesh is very cold resistant. (rC++)
                  | [Xom's grace]
 18124 | Orc:2    | Bought an amulet of reflection for 330 gold pieces
 18127 | Orc:2    | XOM: give mutations
 18127 | Orc:2    | Gained mutation: Your muscles are strong. (Str +4, Int/Dex
                  | -1) [Xom's grace]
 18127 | Orc:2    | Gained mutation: Your muscles are very strong. (Str +8,
                  | Int/Dex -2) [Xom's grace]
 18127 | Orc:2    | Gained mutation: Your natural rate of healing is unusually
                  | fast. [Xom's grace]
 18127 | Orc:2    | Gained mutation: Your flesh is heat resistant. (rF+) [Xom's
                  | grace]
 18135 | Orc:2    | Bought a scroll of enchant armour for 105 gold pieces
 18135 | Orc:2    | Bought a potion of might for 56 gold pieces
 18527 | D:13     | XOM: enchant monster (good)
 18568 | D:13     | Found a frozen archway.
 18582 | IceCv    | Entered an ice cave
 18608 | IceCv    | XOM: divine lightning
 18614 | IceCv    | XOM: cast spell 'Summon Horrible Things'
 18628 | IceCv    | XOM: silly message
 18643 | IceCv    | XOM: divination: detect creatures
 18872 | IceCv    | Identified a +1 leather armour of resistance
 18875 | IceCv    | Got a torn book
 18999 | D:13     | Found Taustaj's Magic Scroll Emporium.
 19008 | D:13     | Bought a scroll of enchant weapon for 127 gold pieces
 19008 | D:13     | Bought a scroll of teleportation for 51 gold pieces
 19008 | D:13     | Bought a scroll of revelation for 127 gold pieces
 19008 | D:13     | Bought a scroll of fear for 68 gold pieces
 19008 | D:13     | Bought a scroll of revelation for 127 gold pieces
 19008 | D:13     | Bought a scroll of revelation for 127 gold pieces
 19022 | D:13     | Reached skill level 19 in Polearms
 19028 | D:13     | Identified a scroll of acquirement
 19028 | D:13     | Acquired 439 gold pieces
 19101 | D:13     | Found Jaiw's General Store.
 19109 | D:13     | Bought a scroll of enchant armour for 90 gold pieces
 19274 | D:13     | Found Jeit Jaixt's General Store.
 19288 | D:13     | Bought a scroll of teleportation for 51 gold pieces
 19764 | D:14     | Found a blossoming altar of Fedhas.
 19839 | D:14     | XOM: divination: detect items
 19893 | D:14     | XOM: give mutations
 19893 | D:14     | Lost mutation: You passively map a small area around you.
                  | [Xom's mischief]
 19893 | D:14     | Lost mutation: Your flesh is heat resistant. (rF+) [Xom's
                  | mischief]
 19893 | D:14     | Lost mutation: You are very agile. (Dex +8, Str/Int -2)
                  | [Xom's mischief]
 19913 | D:14     | Reached skill level 20 in Polearms
 19933 | D:14     | Reached skill level 18 in Fighting
 19988 | D:14     | Found a gate to the Vaults.
 19994 | D:14     | XOM: chaos upgrade
 20020 | D:14     | Identified the ring "Kiapn" {Fly Stlth+}
 20023 | D:14     | XOM: give mutations
 20023 | D:14     | Lost mutation: You are partially covered in iridescent
                  | scales. (AC +2) [Xom's mischief]
 20023 | D:14     | Lost mutation: Your system is resistant to poisons. (rPois)
                  | [Xom's mischief]
 20023 | D:14     | Lost mutation: You are agile. (Dex +4, Str/Int -1) [Xom's
                  | mischief]
 20219 | D:14     | XOM: scenery: 1 doors open
 20254 | D:15     | XOM: stealth player
 20254 | D:15     | Entered Level 15 of the Dungeon
 20266 | D:15     | Identified the +6 broad axe of Xeet {heavy, *Corrode rElec
                  | rPois Int-4}
 20283 | D:15     | Reached XP level 16. HP: 130/144 MP: 16/16
 20287 | D:15     | XOM: chaos upgrade
 20292 | D:15     | Reached skill level 17 in Dodging
 20371 | D:15     | Found a staircase to the Depths.
 20527 | D:15     | XOM: fake destruction
 21431 | Orc:2    | Bought a +4 ring mail of poison resistance for 448 gold
                  | pieces
 21434 | Orc:2    | XOM: god gift: 50 gold pieces
 21470 | Orc:2    | XOM: give mutation
 21470 | Orc:2    | Gained mutation: You are highly strong-willed. (Will++)
                  | [Xom's grace]
 21615 | Spider:1 | Entered Level 1 of the Spider Nest
 21824 | Spider:1 | XOM: summons friendly ynoxinul
 21828 | Spider:1 | XOM: divine lightning
 21841 | Spider:1 | XOM: cleaving
 21932 | Spider:1 | Reached skill level 19 in Fighting
 21932 | Spider:1 | XOM: fog
 21965 | Spider:1 | XOM: polymorph redback -> elephant
 21972 | Spider:1 | XOM: smoke on damage
 21976 | Spider:1 | Reached skill level 18 in Dodging
 22030 | Spider:1 | XOM: divine lightning
 22037 | Spider:1 | XOM: polymorph orb spider -> steelbarb worm
 22052 | Spider:1 | XOM: potion effect (attraction)
 22378 | Spider:1 | XOM: divination: detect creatures
 22458 | Spider:1 | XOM is BORED!
 22598 | Spider:1 | XOM is BORED!
 22598 | Spider:1 | XOM: summons 3 hostile demons
 22625 | Spider:1 | XOM: summons 5 hostile demons
 22740 | Spider:2 | XOM: give mutations
 22740 | Spider:2 | Lost mutation: You expend magic power (3 MP) to strengthen
                  | your wands. [Xom's mischief]
 22740 | Spider:2 | Lost mutation: You have a pair of small horns on your head.
                  | [Xom's mischief]
 22745 | Spider:2 | XOM: potion effect (heal wounds)
 22755 | Spider:2 | XOM: 2-stop teleportation journey
 22847 | Spider:2 | XOM: polymorph moth of wrath -> shock serpent
 22912 | Spider:2 | XOM: enchant monster (bad)
 22965 | Spider:2 | Identified the +5 glaive of the Silent Majority {holy,
                  | Int+3}
 23158 | Spider:2 | Reached skill level 19 in Dodging
 23440 | Spider:3 | XOM: polymorph wolf spider -> great orb of eyes
 23584 | Spider:3 | XOM: summons 16 friendly demons
 23751 | Spider:3 | XOM: enchant monster (bad)
 23756 | Spider:3 | Reached skill level 20 in Fighting
 23823 | Spider:3 | XOM: draining
 23991 | Spider:3 | XOM: divine lightning
 23995 | Spider:3 | Reached XP level 17. HP: 116/138 MP: 17/17
 24058 | Spider:3 | XOM: fake destruction
 24210 | Spider:3 | XOM: summons 11 friendly demons
 24284 | Spider:3 | XOM: polymorph boulder beetle -> wolf spider
 24321 | Spider:3 | Reached skill level 20 in Dodging
 24506 | Spider:4 | Entered Level 4 of the Spider Nest
 24652 | Spider:4 | XOM: summons 8 friendly demons
 24688 | Spider:4 | XOM: fog
 24981 | Spider:4 | Noticed Arachne
 25025 | Spider:4 | XOM: divination: detect creatures
 25144 | Spider:4 | XOM: cleaving
 25145 | Spider:4 | XOM: smoke on damage
 25151 | Spider:4 | Reached skill level 21 in Fighting
 25155 | Spider:4 | Killed Arachne
 25296 | Spider:4 | XOM: scenery: create altars
 25298 | Spider:4 | Reached skill level 21 in Dodging
 25299 | Spider:4 | Identified the +1 pair of boots of Misanthropy {rElec rF-
                  | rC+ Dex+3}
 25317 | Spider:4 | HP: 14/158 [spark wasp (23)]
 25317 | Spider:4 | Slain by a spark wasp

Vanquished Creatures
  Arachne (Spider:4)
  Jorgrun (Orc:2)
  Kirke (Lair:2)
  3 ghost moths (Spider:4)
  An orc warlord (Orc:1)
  6 broodmothers
  A stone giant (D:15)
  4 spark wasps
  A fire dragon (Lair:5)
  6 entropy weavers
  A great orb of eyes (Spider:3)
  3 vault guards (D:14)
  An ogre mage (D:15)
  Fannar (Lair:1)
  2 jorogumos
  4 hydras
  A catoblepas (Lair:5)
  3 boulder beetles
  9 two-headed ogres
  2 centaur warriors
  2 tengu warriors (D:15)
  A death scarab (Spider:1)
  A shock serpent (Spider:2)
  7 demonic crawlers
  5 orc high priests (Orc:2)
  3 skysharks
  Amaemon (Lair:3)
  12 pharaoh ants
  2 sun moths (Spider:4)
  11 orb spiders
  A bog body (IceCv)
  4 steelbarb worms
  7 orc knights
  2 wizards (D:14)
  5 lindwurms
  A deep elf pyromancer (D:15)
  2 necromancers
  10 ugly things
  4 cyclopes
  3 orc sorcerers
  16 wolf spiders
  2 moths of wrath
  3 manticores
  8 black mambas
  A salamander (shapeshifter) (D:13)
  Joseph (D:8)
  An orange demon (Lair:3)
  9 torpor snails
  17 elephants
  2 ice statues (IceCv)
  An eye of devastation (Lair:4)
  A guardian serpent (Lair:4)
  A gargoyle (D:12)
  13 cane toads
  An unseen horror (D:12)
  5 rime drakes
  A komodo dragon (shapeshifter) (D:13)
  An efreet (D:14)
  8 komodo dragons
  7 ice devils
  8 trolls
  3 polar bears
  Prince Ribbit (D:5)
  3 tyrant leeches (Lair:5)
  9 hornets
  18 tarantellas
  9 blink frogs
  8 slime creatures (D:12)
  17 jumping spiders
  12 culicivoras
  A centaur simulacrum (D:14)
  Sigmund (D:3)
  4 dire elephant simulacra (IceCv)
  3 shadows
  A vampire (D:9)
  A wyvern (Lair:5)
  19 humans (D:14)
  25 yaks
  3 fire bats (Lair:5)
  4 basilisks
  3 hogs (Lair:3)
  A death yak simulacrum (IceCv)
  A steam dragon (D:7)
  32 redbacks
  3 harpy simulacra (IceCv)
  4 vampire mosquitoes (D:13)
  A warg (Orc:2)
  2 acid dragons
  A floating eye (Lair:4)
  14 water moccasins
  3 hydra simulacra (IceCv)
  55 orc warriors
  A sky beast (D:7)
  3 ice beasts
  A swamp drake (Lair:3)
  A black bear (Lair:3)
  8 ogres
  8 wolves
  4 boggarts (D:15)
  11 centaurs
  5 kobold brigands
  A phantom (D:5)
  A gnoll sergeant (D:10)
  A two-headed ogre simulacrum (IceCv)
  14 bullfrogs
  3 scorpions
  12 wights
  4 killer bees (D:9)
  8 electric eels
  2 howler monkeys (D:12)
  3 hounds
  2 jellies
  26 orc priests
  Ijyb (D:3)
  3 gnoll boudas
  Jessica (D:3)
  A sleepcap (D:6)
  17 orc wizards
  4 iguanas
  4 polar bear simulacra (D:11)
  2 wolf simulacra (D:11)
  3 yak simulacra (D:11)
  22 gnolls
  7 adders
  A naga simulacrum (IceCv)
  4 white imps
  A worm (D:5)
  A dart slug (D:2)
  101 orcs
  7 endoplasms
  3 giant cockroaches
  10 goblins
  10 hobgoblins
  28 kobolds
  3 quokkas
  8 ball pythons
  7 bats
  2 frilled lizards
  6 rats
  2 river rat simulacra (D:11)
883 creatures vanquished.

Vanquished Creatures (collateral kills)
  A boulder beetle (Lair:3)
  A steelbarb worm (Spider:3)
  A wolf spider (Spider:3)
  An ice devil (IceCv)
  A hog (Lair:3)
  2 yaks
  3 orc warriors (Orc:1)
  A centaur (D:5)
  An ogre (Orc:1)
  2 wights
  An elephant simulacrum (IceCv)
  3 orc priests (Orc:1)
  2 orc wizards (Orc:1)
  3 orcs (D:9)
23 creatures vanquished.

Vanquished Creatures (others)
  A pharaoh ant (Spider:1)
  A torpor snail (Lair:5)
  2 tarantellas (Spider:1)
  A jumping spider (Spider:4)
  A wight (D:4)
6 creatures vanquished.

Grand Total: 912 creatures vanquished

Table legend: (Time is in decaauts)
 A = Elapsed time spent in this place.
 B = Non-inter-level travel time spent in this place.
 C = Inter-level travel time spent in this place.
 D = Time resting spent in this place.
 E = Time spent auto-exploring this place.
 F = Levels seen in this place.
 G = Mean time per level.
                   A        B        C        D        E       F      G
               +--------+--------+--------+--------+--------+-----+--------+
         Total |  24583 |  22274 |   2309 |   1710 |  15245 |  28 |  878.0 |
       Dungeon |  13385 |  11982 |   1403 |    899 |   8871 |  15 |  892.3 |
          Lair |   5120 |   4756 |    364 |    456 |   3017 |   5 | 1024.0 |
   Spider Nest |   3527 |   3233 |    294 |    204 |   2140 |   4 |  881.8 |
  Orcish Mines |   1848 |   1602 |    246 |    148 |    792 |   2 |  924.0 |
        Bailey |    367 |    367 |      0 |      2 |    241 |   1 |  367.0 |
      Ice Cave |    333 |    333 |      0 |      0 |    183 |   1 |  333.0 |
               +--------+--------+--------+--------+--------+-----+--------+

Top non-repeatable levels by time:
  Lair:5: 1390 daAuts
   Orc:2: 1305 daAuts
     D:5: 1288 daAuts
  Lair:1: 1186 daAuts
Spider:3: 1173 daAuts
     D:9: 1157 daAuts
Spider:1: 1067 daAuts
     D:6: 1032 daAuts
     D:8: 1015 daAuts
  Lair:3: 976 daAuts
     D:1: 974 daAuts
     D:7: 954 daAuts
    D:12: 910 daAuts
    D:11: 910 daAuts
     D:2: 872 daAuts

Table legend:
 A = Non-vault XP
 B = Vault XP
 C = Vault XP percentage of total XP
 D = Non-vault monster count
 E = Vault monster count
 F = Vault count percentage of total count
                 A         B        C        D         E       F
            +---------+---------+-------+---------+---------+-------
      Total |  128102 |   93386 |  42.2 |     581 |     327 |  36.0
            +---------+---------+-------+---------+---------+-------
        D:1 |      31 |       0 |   0.0 |      20 |       0 |   0.0
        D:2 |      97 |       0 |   0.0 |      21 |       0 |   0.0
        D:3 |      43 |     299 |  87.4 |      16 |       3 |  15.8
        D:4 |     429 |       0 |   0.0 |      16 |       0 |   0.0
        D:5 |     450 |     291 |  39.3 |      11 |       1 |   8.3
        D:6 |    1161 |       0 |   0.0 |      10 |       0 |   0.0
        D:7 |    1045 |     222 |  17.5 |      26 |       3 |  10.3
        D:8 |    2334 |     495 |  17.5 |      40 |       5 |  11.1
        D:9 |    3104 |     519 |  14.3 |      27 |      17 |  38.6
       D:10 |     589 |     976 |  62.4 |      19 |       6 |  24.0
       D:11 |    4201 |     856 |  16.9 |      20 |      12 |  37.5
       D:12 |    6995 |       0 |   0.0 |      28 |       0 |   0.0
       D:13 |    4865 |     619 |  11.3 |      14 |       2 |  12.5
       D:14 |    6606 |    7795 |  54.1 |      13 |      25 |  65.8
       D:15 |   10643 |    2668 |  20.0 |      24 |       3 |  11.1
     Lair:1 |    4122 |    1691 |  29.1 |      15 |       8 |  34.8
     Lair:2 |    3851 |    1359 |  26.1 |      12 |       1 |   7.7
     Lair:3 |    7439 |    3550 |  32.3 |      23 |      12 |  34.3
     Lair:4 |    7159 |    1126 |  13.6 |      21 |       4 |  16.0
     Lair:5 |   10423 |   14100 |  57.5 |      30 |      36 |  54.5
   Spider:1 |   10730 |    6657 |  38.3 |      27 |      11 |  28.9
   Spider:2 |   12951 |       0 |   0.0 |      26 |       0 |   0.0
   Spider:3 |   15665 |    9336 |  37.3 |      33 |      16 |  32.7
   Spider:4 |    6471 |   19607 |  75.2 |      19 |      34 |  64.2
      Orc:1 |    4578 |    1170 |  20.4 |      45 |      15 |  25.0
      Orc:2 |    2120 |   11713 |  84.7 |      25 |      58 |  69.9
     Bailey |       0 |    2025 | 100.0 |       0 |      30 | 100.0
      IceCv |       0 |    6312 | 100.0 |       0 |      25 | 100.0
            +---------+---------+-------+---------+---------+-------
